[Event "*** SCC Grand Prix: Titled Tuesday Blitz"]
[Site "Chess.com"]
[Date "2020.10.06"]
[Round "3"]
[White "annamaja"]
[Black "DraG0s3L"]
[Result "1-0"]
[WhiteElo "2256"]
[BlackElo "2396"]
[TimeControl "180+1"]
[EndTime "10:27:02 PDT"]
[Termination "annamaja won by checkmate"]

1. e4 e6 2. d4 d5 3. exd5 exd5 4.
c4 Nf6 5. Nc3 Be7 6. Bd3 O-O 7.
Nge2 dxc4 8. Bxc4 c6 9. O-O Bg4 10. f3 Bh5 11. Be3 Re8 12. Bf2 Nbd7 13. Nf4 Bg6 14. Qb3 Rf8 15. Nxg6 hxg6 16. Qxb7 Rb8 17. Qxc6 Rb6 18. Qa4 Rb4 19. Qa6 Nb8 20. Qxa7 Rxc4 21. Rfe1 Bb4 22. Rac1 Bxc3 23. Rxc3 Rxc3 24. bxc3 Qd5 25.
Re5 Qc4 26. Rc5 Qd3 27. h3 Nbd7 28. Rc7 Rd8 29. c4 Qb1+ 30. Kh2 Qf5 31. a4 Ne8 32. Rb7 Qf4+ 33. Bg3 Qxd4 34. Qxd4 Nef6 35. c5 Rc8 36.
Rxd7 Nxd7 37. Qxd7 Rxc5 38. a5 Rxa5 39. Qd8+ Kh7 40. Qxa5 f6 41. Qc7 g5 42. Bf2 Kg6 43. Bd4 Kh5 44. Qxg7 Kh4 45. Qh6# 1-0

[Event "*** SCC Grand Prix: Titled Tuesday Blitz"]
[Site "Chess.com"]
[Date "2020.10.06"]
[Round "3"]
[White "maxip32"]
[Black "Shivagami"]
[Result "1-0"]
[WhiteElo "2369"]
[BlackElo "2209"]
[TimeControl "180+1"]
[EndTime "10:27:02 PDT"]
[Termination "maxip32 won on time"]

1. e4 Nc6 2. Nf3 d6 3. h3 Nf6 4. Nc3 e5 5. d4 exd4 6. Nxd4 Nxd4 7. Qxd4 Be7 8. g3 O-O 9. Bg2 b6 10. O-O Bb7 11. Re1 Re8 12. Kh2 Bf8 13. Bg5 c5 14.
Qd3 h6 15. Bf4 g5 16. Bd2 Qe7 17. Nd5 Nxd5 18. exd5 Qd7 19. Bf3 Rxe1 20. Rxe1 Re8 21. Bg4 Qd8 22. Rg1 Bg7 23. c3 Re5 24. c4 b5 25. b3 bxc4 26. bxc4 Qe8 27. Rb1 Bc8 28. Rb8 f5 29. Bxf5 1-0

[Event "*** SCC Grand Prix: Titled Tuesday Blitz"]
[Site "Chess.com"]
[Date "2020.10.06"]
[Round "3"]
[White "lukas_111111"]
[Black "alexrustemov"]
[Result "0-1"]
[WhiteElo "2516"]
[BlackElo "2738"]
[TimeControl "180+1"]
[EndTime "10:27:06 PDT"]
[Termination "alexrustemov won by resignation"]

1. d4 f5 2. Nc3 Nf6 3. Bg5 d5 4. Nf3 e6 5. e3 Be7 6. Bd3 O-O 7.
Ne2 Nbd7 8. Nf4 Nb6 9. Ne5 c6 10. c3 Qe8 11. Qc2 h6 12. Bxf6 Bxf6 13. Nfg6 Bxe5 14.
Nxe5 Nd7 15. O-O-O Nxe5 16. dxe5 Bd7 17. h3 c5 18. g4 f4 19. e4 d4 20. cxd4 cxd4 21.
Kb1 Ba4 22. b3 Rc8 23. Qb2 Bc6 24. Qxd4 Rd8 25. Qc3 f3 26. Bc2 Qg6 27. Qe3 a6 28. Rd6 h5 29. gxh5 Qxh5 30. Rxe6 Rde8 31. Rxe8 Rxe8 32.
Rd1 Rxe5 33. Rd8+ Kh7 34. Rf8 g6 35. Rf7+ Kg8 36. Qf4 Re8 37. Qf6 Qh6 38. e5 Bd5 39. Bxg6 Re6 40. Bh7+ Qxh7+ 41. Rxh7 Rxf6 42. Rd7 Be4+ 43. Kb2 Re6 44. Kc3 Rxe5 45. Kd4 Re6 46. h4 Bc6 47.
Rc7 Re4+ 48. Kc5 Rxh4 49. a4 Rh2 0-1

[Event "*** SCC Grand Prix: Titled Tuesday Blitz"]
[Site "Chess.com"]
[Date "2020.10.06"]
[Round "3"]
[White "vladimirdamjanovic"]
[Black "Kira170"]
[Result "0-1"]
[WhiteElo "2551"]
[BlackElo "2786"]
[TimeControl "180+1"]
[EndTime "10:27:07 PDT"]
[Termination "Kira170 won by resignation"]

1. e4 e6 2. d4 d5 3. Nc3 Nf6 4.
Bg5 Bb4 5. Ne2 dxe4 6. a3 Be7 7. Bxf6 Bxf6 8. Nxe4 Nc6 9. Nxf6+ Qxf6 10. Qd2 O-O 11. c3 e5 12. d5 Ne7 13. Ng3 Rd8 14. c4 c6 15. Ne4 Qg6 16. Nc3 cxd5 17. cxd5 Bf5 18.
Be2 Qxg2 19. O-O-O Rac8 20. Bd3 Bxd3 21. Qxd3 Qxd5 22. Qg3 Qe6 23. Kb1 Rd4 24. Rhe1 Rxd1+ 25. Rxd1 Nf5 26. Qf3 b6 27. Qb7 Nd4 28. Re1 h6 29.
Rxe5 Qg6+ 30. Ka2 Rxc3 31. Re8+ Kh7 32. Qa8 Qc2 33. Rh8+ Kg6 34. Qg2+ Kf6 35. Qf3+ Rxf3 0-1

[Event "*** SCC Grand Prix: Titled Tuesday Blitz"]
[Site "Chess.com"]
[Date "2020.10.06"]
[Round "3"]
[White "Alexander_Kachko"]
[Black "kot60"]
[Result "1/2-1/2"]
[WhiteElo "2736"]
[BlackElo "2437"]
[TimeControl "180+1"]
[EndTime "10:27:07 PDT"]
[Termination "Game drawn by agreement"]

1. e4 e5 2. Nf3 Nc6 3. Bc4 Be7 4. c3 Nf6 5. d3 O-O 6. Bb3 d6 7. Nbd2 h6 8. Nf1 Nh7 9. Ng3 Bg5 10. Nxg5 Nxg5 11.
O-O Ne6 12. Nf5 Qf6 13. Qf3 Kh7 14. Qg3 Nc5 15. Bc2 Bxf5 16. exf5 Qxf5 17. f4 e4 18. b4 Nxd3 19. Be3 a6 20. Rad1 Rae8 21. Qh4 Qg6 22.
f5 Qf6 23. Qg4 d5 24. Kh1 Rg8 25. Bd2 Nce5 26. Qh3 c5 27. Be3 b6 28. a3 Nc4 29.
Bg1 Qxc3 30. Bxd3 exd3 31. Rxd3 Qf6 32. bxc5 bxc5 33. Bxc5 Re4 34. Bb4 Rge8 35. Bc3 d4 36. Ba1 Ne3 1/2-1/2

[Event "*** SCC Grand Prix: Titled Tuesday Blitz"]
[Site "Chess.com"]
[Date "2020.10.06"]
[Round "3"]
[White "Omk124"]
[Black "youngKID"]
[Result "0-1"]
[WhiteElo "2459"]
[BlackElo "2790"]
[TimeControl "180+1"]
[EndTime "10:27:08 PDT"]
[Termination "youngKID won by resignation"]

1. e4 c5 2. Nf3 Nc6 3. d4 cxd4 4. Nxd4 Nf6 5. Nc3 e6 6. g3 Bb4 7. Bg2 O-O 8. O-O Qc7 9. Bf4 Qb6 10. e5 Qxd4 11.
exf6 Qxd1 12. Raxd1 Bxc3 13. bxc3 gxf6 14. Bd6 Re8 15. Rfe1 b6 16. Re4 f5 17. Rh4 Bb7 18. Rh5 f6 19. Rh6 Kg7 20. Rh4 Nd8 21. Bc7 d5 22. c4 Rc8 23. Bxd8 Rexd8 24. cxd5 Rxc2 25.
Ra4 a5 26. Rb1 Bxd5 27. Bxd5 Rxd5 28. Rxb6 e5 29. Rb7+ Kg6 30. Rh4 h5 31. Ra4 Rd1+ 32.
Kg2 Rdd2 33. Rxa5 Rxf2+ 34. Kg1 Rg2+ 35. Kf1 Rxh2 36. Kg1 Rcg2+ 37. Kf1 Rxa2 38. Rxa2 Rxa2 39. Rb8 Ra4 40. Kf2 h4 41. gxh4 Rxh4 42. Kg3 Rg4+ 43. Kf3 e4+ 44. Ke3 Rg3+ 45. Kf2 f4 46. Rg8+ Kf5 47. Rb8 e3+ 48. Ke2 Rg2+ 49. Kf1 e2+ 50.
Ke1 f3 51. Rb4 Rg1+ 0-1

[Event "*** SCC Grand Prix: Titled Tuesday Blitz"]
[Site "Chess.com"]
[Date "2020.10.06"]
[Round "3"]
[White "jacky72"]
[Black "Das_Virus_2020"]
[Result "1-0"]
[WhiteElo "2578"]
[BlackElo "2394"]
[TimeControl "180+1"]
[EndTime "10:27:08 PDT"]
[Termination "jacky72 won on time"]

1. c4 c5 2. Nf3 Nc6 3. d4 cxd4 4. Nxd4 e6 5. Nc3 Nf6 6. g3 d5 7. cxd5 exd5 8. Bg2 Be6 9. O-O Be7 10. b3 O-O 11.
Bb2 Rc8 12. Rc1 h6 13. Qd2 Nxd4 14. Qxd4 Bc5 15. Qd2 Qa5 16. Rfd1 Rfd8 17. Na4 Qxd2 18.
Rxd2 Be7 19. Rdc2 b6 20. e3 Rxc2 21. Rxc2 Rc8 22. Rxc8+ Bxc8 23. Nc3 Be6 24. Nb5 a6 25. Nc7 a5 26. Bd4 Bc5 27. Bxf6 gxf6 28. Bxd5 Bf5 29. e4 Bg4 30. Kg2 Bd1 31. Ne8 Be7 32. f4 Kf8 33. Nc7 Bd6 34. Nb5 Bc5 35. Nc3 Bc2 36. Kf3 Bb4 37. Na4 Bb1 38. Nxb6 Bxa2 39. Kg4 Kg7 40.
Kf5 Bb1 41. Nd7 Be7 42. Nb8 Bc2 43. Nc6 Bd6 44. Nxa5 h5 45. Nc4 Bc7 46. Ne3 Bd3 47.
Bc4 Bb1 48. Nd5 1-0

[Event "*** SCC Grand Prix: Titled Tuesday Blitz"]
[Site "Chess.com"]
[Date "2020.10.06"]
[Round "3"]
[White "secretsuperstar7"]
[Black "Caterpiller35"]
[Result "0-1"]
[WhiteElo "2262"]
[BlackElo "2503"]
[TimeControl "180+1"]
[EndTime "10:27:08 PDT"]
[Termination "Caterpiller35 won on time"]

1. d4 Nf6 2. c4 e6 3. Nc3 Bb4 4. e3 Ne4 5. Ne2 O-O 6. f3 Nxc3 7. bxc3 Be7 8. Ng3 f5 9. Bd3 b6 10. O-O Nc6 11. Ne2 Ba6 12. e4 Na5 13. Qa4 fxe4 14. fxe4 Rxf1+ 15. Kxf1 d5 16. Nf4 Bg5 17. cxd5 Bxf4 18. Bxa6 Qf6 19. Kg1 Rf8 20.
Qd1 exd5 21. exd5 Bd6 22. Be3 Qh4 23. h3 Qg3 24. Bf2 Qxf2+ 25. Kh1 Qg3 0-1

[Event "*** SCC Grand Prix: Titled Tuesday Blitz"]
[Site "Chess.com"]
[Date "2020.10.06"]
[Round "3"]
[White "draksbg"]
[Black "Gerasimenyuk_Miha"]
[Result "0-1"]
[WhiteElo "2589"]
[BlackElo "2424"]
[TimeControl "180+1"]
[EndTime "10:27:09 PDT"]
[Termination "Gerasimenyuk_Miha won on time"]

1. e4 c6 2. d4 d5 3. Nc3 dxe4 4. Nxe4 Nf6 5. Nxf6+ gxf6 6. c3 h5 7. h4 Nd7 8. Ne2 Nb6 9. g3 Bg4 10. Bg2 Qc7 11.
Qc2 O-O-O 12. Bf4 Qd7 13. O-O Nd5 14. Bc1 Rg8 15. Kh2 e6 16. a3 Bd6 17. c4 Ne7 18.
Be3 Nf5 19. Nf4 e5 20. dxe5 fxe5 21. Nh3 Nxe3 22. fxe3 e4 23. Nf4 f5 24. b4 Be5 25.
Ra2 Qg7 26. Qf2 Qf6 27. a4 Kb8 28. c5 Rg7 29. Rc1 Rdg8 30. b5 Bf3 31. Bxf3 exf3 32. Rg1 Qf7 33. Rc2 Rg4 34. Qxf3 Qb3 35. Rf2 Qxa4 36.
bxc6 bxc6 37. Kh3 Kc8 38. Rd2 Qa3 39. Re2 Bxf4 0-1

[Event "*** SCC Grand Prix: Titled Tuesday Blitz"]
[Site "Chess.com"]
[Date "2020.10.06"]
[Round "3"]
[White "Shankovskyi"]
[Black "szefru"]
[Result "0-1"]
[WhiteElo "2478"]
[BlackElo "2191"]
[TimeControl "180+1"]
[EndTime "10:27:09 PDT"]
[Termination "szefru won by resignation"]

1. e4 Nf6 2. Nc3 d5 3. exd5 Nxd5 4. Qf3 Nxc3 5. Qxc3 Nc6 6. Nf3 e6 7. Bb5 Bd7 8. O-O Qf6 9. Qxf6 gxf6 10. d4 O-O-O 11. c3 Bd6 12. Re1 Rhg8 13. Kf1 Ne7 14. a4 Nd5 15. g3 f5 16. Ng5 Rg7 17. f4 a6 18.
Bxd7+ Kxd7 19. Kf2 Nf6 20. Kf1 Ng4 21. Kg2 h6 22.
Nf3 c6 23. Be3 Nxe3+ 24. Rxe3 Bxf4 25. Re2 Bd6 26. Kf2 Kc7 27. Rae1 f4 28. gxf4 Bxf4 29. Re4 Bd6 30. Rh4 Rdg8 31. Ke3 Rg4 32. Rxh6 Bf4+ 0-1

[Event "*** SCC Grand Prix: Titled Tuesday Blitz"]
[Site "Chess.com"]
[Date "2020.10.06"]
[Round "3"]
[White "Swarnapuri"]
[Black "AnonymusDonkey"]
[Result "1-0"]
[WhiteElo "2610"]
[BlackElo "2412"]
[TimeControl "180+1"]
[EndTime "10:27:11 PDT"]
[Termination "Swarnapuri won by resignation"]

1. d4 Nf6 2. Bf4 c5 3. e3 Nd5 4.
Bg3 Qb6 5. b3 cxd4 6. exd4 e6 7.
c3 Nc6 8. Nf3 Be7 9. Bd3 f5 10.
h3 O-O 11. O-O d6 12. Re1 Bd7 13. Bc4 Rae8 14. Bxd5 exd5 15. Nbd2 f4 16. Bh4 Bxh4 17. Nxh4 Qd8 18. Nhf3 Bf5 19. b4 Qf6 20. Qb3 Be6 21. b5 Ne7 22. Qa3 Nf5 23. Qxa7 g5 24. Qxb7 h5 25. Rxe6 Rxe6 26. Qxd5 g4 27. hxg4 hxg4 28. Ng5 Qxg5 29. Qxe6+ Kh8 30. Ne4 Qh4 31. Rf1 g3 32. fxg3 fxg3 33. Rxf5 Qh2+ 34. Kf1 Qh1+ 35. Ke2 Qxg2+ 36. Kd3 Rxf5 37. Qxf5 1-0

[Event "*** SCC Grand Prix: Titled Tuesday Blitz"]
[Site "Chess.com"]
[Date "2020.10.06"]
[Round "3"]
[White "Inga83"]
[Black "HanSchut"]
[Result "1-0"]
[WhiteElo "2420"]
[BlackElo "2244"]
[TimeControl "180+1"]
[EndTime "10:27:11 PDT"]
[Termination "Inga83 won by resignation"]

1. d4 Nf6 2. c4 g6 3. f3 Nc6 4. e4 e5 5. d5 Nd4 6. Be3 c5 7. dxc6 dxc6 8. Nc3 Bg7 9. Qd2 O-O 10. O-O-O c5 11. h4 h5 12. Nh3 a6 13. f4 Ng4 14.
Bg1 b5 15. g3 Qa5 16. Kb1 b4 17. Nd5 Be6 18. Bxd4 Bxd5 19. exd5 exd4 20. Ng5 Ne3 21.
Bd3 Nxd1 22. Qxd1 Rae8 23. g4 hxg4 24. h5 gxh5 25. Bh7+ Kh8 26. Rxh5 b3 27. Be4+ Kg8 28.
axb3 Rxe4 29. Nxe4 Re8 30. Nd2 d3 31. d6 Re2 32. d7 Rxd2 33. Qxd2 Qxd2 34. d8=Q+ Bf8 35. Rg5+ Kh7 36. Ka2 Qxf4 37. Qxd3+ Kh6 38. Rf5 Qc7 39. Qe3+ Kg7 40. Qg5+ Kh7 41. Qh5+ Bh6 42. Rxf7+ 1-0

[Event "*** SCC Grand Prix: Titled Tuesday Blitz"]
[Site "Chess.com"]
[Date "2020.10.06"]
[Round "3"]
[White "Zemerovv"]
[Black "DenishevM"]
[Result "0-1"]
[WhiteElo "2276"]
[BlackElo "2562"]
[TimeControl "180+1"]
[EndTime "10:27:12 PDT"]
[Termination "DenishevM won on time"]

1. e4 c5 2. Nf3 d6 3. d4 cxd4 4. c3 dxc3 5. Nxc3 e6 6. Bc4 Ne7 7. O-O Ng6 8. Qe2 Nc6 9. Rd1 Qc7 10. Nb5 Qb8 11. h4 a6 12. Nc3 Be7 13. h5 Nge5 14.
Nxe5 Nxe5 15. Bb3 b5 16. f4 Nd7 17. f5 Nc5 18. fxe6 fxe6 19. h6 g6 20. e5 d5 21.
Be3 O-O 22. Bd4 Nxb3 23. axb3 Bd7 24. Rf1 Bg5 25. Rxf8+ Qxf8 26. Be3 Qxh6 27. Bxg5 Qxg5 28. Rf1 Rf8 29. Rxf8+ Kxf8 30. Qf2+ Kg7 31. Qa7 Qe7 32. Ne2 Kf7 33. Nd4 b4 34. g3 Bb5 35. Qxe7+ Kxe7 36. Kf2 h5 37. Kf3 g5 38. Kg2 Bd7 39. Nf3 Kf7 40. Nxg5+ Kg6 41. Nf3 Kf5 42. Kf2 Ke4 43.
Ke2 Bb5+ 44. Kf2 d4 45. Nd2+ Kxe5 46. Kf3 Kf5 47. Kf2 e5 48. Kf3 e4+ 49. Kg2 e3 50. Nf3 d3 0-1

[Event "*** SCC Grand Prix: Titled Tuesday Blitz"]
[Site "Chess.com"]
[Date "2020.10.06"]
[Round "3"]
[White "GiantThresher"]
[Black "FloMasterAAK"]
[Result "1-0"]
[WhiteElo "2787"]
[BlackElo "2553"]
[TimeControl "180+1"]
[EndTime "10:27:14 PDT"]
[Termination "GiantThresher won by resignation"]

1. e4 e5 2. Nf3 Nc6 3. Nc3 Nf6 4.
Bb5 Bc5 5. O-O O-O 6. Nxe5 Nxe5 7. d4 Bd6 8. f4 Ng6 9. e5 Bb4 10.
f5 Bxc3 11. exf6 Qxf6 12. bxc3 Ne7 13. Qh5 h6 14. g4 Qb6 15. f6 Ng6 16. fxg7 Re8 17.
Bc4 d5 18. Bxd5 Be6 19. Bxh6 Bxd5 20. Qxd5 Re6 21. Qf5 Re7 22. Bg5 Rae8 23. Bxe7 Rxe7 24. Rae1 Qd6 25. Re4 Kxg7 26. Rfe1 Rxe4 27. Qxe4 Qa3 28. h4 Qxc3 29. Re3 Qd2 30. h5 Nh4 31. Qe5+ Kh7 32.
Qg3 Qd1+ 33. Kf2 Qd2+ 34. Kf1 Qd1+ 35. Re1 Qxd4 36. Qxh4 Qf4+ 37. Qf2 Qc4+ 38. Re2 Qc6 39. Qxf7+ 1-0

[Event "*** SCC Grand Prix: Titled Tuesday Blitz"]
[Site "Chess.com"]
[Date "2020.10.06"]
[Round "3"]
[White "louis198"]
[Black "Viaje"]
[Result "1-0"]
[WhiteElo "2569"]
[BlackElo "2384"]
[TimeControl "180+1"]
[EndTime "10:27:14 PDT"]
[Termination "louis198 won by resignation"]

1. d4 Nf6 2. Bf4 d5 3. e3 c5 4. Nd2 Nc6 5. Ngf3 Bf5 6. dxc5 e6 7. c4 Bxc5 8. Rc1 Be7 9. cxd5 exd5 10. Bb5 Rc8 11. O-O O-O 12. Qa4 Ne4 13. Nxe4 dxe4 14.
Rfd1 Qb6 15. Bxc6 exf3 16. Bxf3 Rxc1 17. Rxc1 Qxb2 18. e4 Be6 19. Qxa7 Bd6 20. Be3 Bxa2 21. g3 Be6 22. Kg2 b5 23. Rc6 Be5 24. Bc5 Re8 25.
Qb7 h6 26. h4 Bc4 27. Be3 Qb1 28. Rxc4 Bxg3 29. Rc1 Qb2 30. Kxg3 Re6 31. Rc8+ Kh7 32. h5 Qe5+ 33. Bf4 Qf6 34. Qb8 g5 35. hxg6+ fxg6 36. Rc7+ Re7 37. Rxe7+ Qxe7 38. Qxb5 g5 39. Qf5+ Kg8 40.
Qg6+ Kf8 41. Bd6 1-0

[Event "*** SCC Grand Prix: Titled Tuesday Blitz"]
[Site "Chess.com"]
[Date "2020.10.06"]
[Round "3"]
[White "CzechmVIII"]
[Black "Fins0905"]
[Result "0-1"]
[WhiteElo "2151"]
[BlackElo "2638"]
[TimeControl "180+1"]
[EndTime "10:27:15 PDT"]
[Termination "Fins0905 won by resignation"]

1. e4 d5 2. exd5 Qxd5 3. Nc3 Qa5 4. d4 Nf6 5. Nf3 Bf5 6. Bc4 e6 7. Bd2 Bb4 8. a3 Bxc3 9. Bxc3 Qb6 10. O-O Nc6 11.
b4 O-O 12. Bb2 Rad8 13. c3 e5 14. Qa4 exd4 15. b5 Na5 16. Nxd4 Bg6 17. Ba2 Ne4 18. Rad1 Nc5 19. Qb4 Nd3 20. Rxd3 Bxd3 21. Rd1 Bg6 22. c4 c5 23. bxc6 Nxc6 24. Qxb6 axb6 25. Bb3 Na5 26. Ba2 Nc6 27. Bb3 Rd7 28. Nxc6 Rxd1+ 29. Bxd1 bxc6 30. Bf3 Rc8 31. h4 Bd3 32. c5 bxc5 33. Bc3 Bb5 34. Kh2 Ra8 35. Be5 Rxa3 36. Bd6 Rc3 37.
Kg3 c4 38. Kf4 Rd3 39. Bc5 c3 40. Be4 Rd1 41. Ke3 Ba4 42. Bb4 c2 43. Bxc2 Bxc2 44. Bd2 c5 0-1

[Event "*** SCC Grand Prix: Titled Tuesday Blitz"]
[Site "Chess.com"]
[Date "2020.10.06"]
[Round "3"]
[White "TheMagnet"]
[Black "sotochess"]
[Result "1-0"]
[WhiteElo "2584"]
[BlackElo "2397"]
[TimeControl "180+1"]
[EndTime "10:27:15 PDT"]
[Termination "TheMagnet won on time"]

1. d4 Nf6 2. c4 c5 3. d5 b5 4. cxb5 a6 5. b6 d6 6. Nc3 Nbd7 7. a4 a5 8. e4 g6 9. f4 Bg7 10. Nf3 O-O 11. Bb5 Nxb6 12. O-O e6 13. dxe6 Bxe6 14. e5 dxe5 15. Nxe5 Qc7 16. Qe2 Nbd5 17. Nxd5 Nxd5 18. Ra3 Rad8 19. Nc4 Nb4 20. Be3 Bf5 21. Rd1 Nc2 22.
Rb3 Nd4 23. Bxd4 Bxd4+ 24. Kh1 Qxf4 25. Nxa5 Bg4 26. Qf1 Qh6 27. Re1 Rd5 28. Nc6 Rh5 29.
h3 Be6 30. Nxd4 cxd4 31. Rd3 Bd5 32. Kh2 Be6 33. Qf2 Rd8 34. Rxd4 Rxd4 35. Qxd4 Rxh3+ 36. gxh3 Qxh3+ 37. Kg1 Qg3+ 38. Kf1 Qf3+ 39. Qf2 Bh3+ 40. Kg1 Qg4+ 41. Kh2 1-0

[Event "*** SCC Grand Prix: Titled Tuesday Blitz"]
[Site "Chess.com"]
[Date "2020.10.06"]
[Round "3"]
[White "kasparicy"]
[Black "AleksanderHnydiuk"]
[Result "1-0"]
[WhiteElo "2395"]
[BlackElo "2545"]
[TimeControl "180+1"]
[EndTime "10:27:15 PDT"]
[Termination "kasparicy won on time"]

1. e4 c5 2. Nf3 e6 3. d4 cxd4 4. Nxd4 Nc6 5. Be3 Nf6 6. Nc3 Bb4 7. Bd3 d5 8. exd5 Nxd5 9. Nxc6 bxc6 10. Bd4 Nxc3 11. Bxc3 Bxc3+ 12. bxc3 O-O 13. O-O e5 14. Qf3 Qc7 15. Rfe1 f5 16. Qg3 Re8 17. Rad1 Qe7 18. Bc4+ Kf8 19. Rd2 Bd7 20. Rde2 e4 21. Qf4 Qf6 22.
Qc7 Qd8 23. Qf4 Qf6 24. Rd2 Be6 25. Rd6 Qf7 26. Bxe6 Rxe6 27. Red1 Rae8 28. h3 Kg8 29. Rd7 R6e7 30. Rxe7 Rxe7 31. Rd6 Qxa2 32. Rd8+ 1-0

[Event "*** SCC Grand Prix: Titled Tuesday Blitz"]
[Site "Chess.com"]
[Date "2020.10.06"]
[Round "3"]
[White "Jovidon91"]
[Black "PawnEatingZombie"]
[Result "1-0"]
[WhiteElo "2499"]
[BlackElo "2209"]
[TimeControl "180+1"]
[EndTime "10:27:15 PDT"]
[Termination "Jovidon91 won on time"]

1. d4 d5 2. c4 e6 3. Nf3 dxc4 4. e3 b5 5. Nc3 c6 6. a4 Bb4 7. axb5 cxb5 8. Nd2 a6 9. Nxb5 axb5 10. Rxa8 Bb7 11. Ra1 Nf6 12. f3 e5 13. dxe5 Nd5 14. Kf2 Nxe3 15. Qe2 Bc5 16. Ne4 Nd1+ 17. Kg3 Bxe4 18.
fxe4 Bf2+ 19. Kh3 h5 20. g3 Qd7+ 21. Kg2 Bc5 22. e6 fxe6 23. Bf4 Nf2 24. Bxb8 e5 25. h3 O-O 26. Bxe5 Nxe4 27. Bf4 g5 28. Qxe4 gxf4 29. Bxc4+ 1-0

[Event "*** SCC Grand Prix: Titled Tuesday Blitz"]
[Site "Chess.com"]
[Date "2020.10.06"]
[Round "3"]
[White "GoltsevDmitry2000"]
[Black "Duhless"]
[Result "0-1"]
[WhiteElo "2712"]
[BlackElo "2971"]
[TimeControl "180+1"]
[EndTime "10:27:16 PDT"]
[Termination "Duhless won by resignation"]

1. e4 c6 2. Nf3 d5 3. d3 g6 4. Nbd2 Bg7 5. c3 Nf6 6. Qc2 O-O 7. Be2 c5 8. O-O Nc6 9. a4 e5 10. Rd1 b6 11. b3 Bb7 12. Nf1 Rc8 13. Bg5 d4 14. c4 h6 15. Bd2 a5 16. h3 Ne8 17.
N3h2 Nd6 18. Ng3 Kh7 19. Rf1 f5 20. exf5 gxf5 21. Nh5 Qe8 22. Nxg7 Kxg7 23. Qc1 Qg6 24. Kh1 Rce8 25. f3 Kh7 26. Rg1 Rg8 27. Qf1 f4 28. Be1 Nf5 29. Bf2 Ng3+ 30. Bxg3 fxg3 31. Ng4 h5 32. Qe1 hxg4 33. fxg4 Ne7 34. Qxg3 Nf5 35. Qf2 Ne3 36. Rae1 Kg7 37. Qg3 Rgf8 38. Kh2 Rf4 39. Rc1 Ref8 40. Rce1 Kg8 41. Qh4 Rf2 42. Qe7 Bxg2 43. Qxe5 Bf3+ 44. Kg3 Bxe2 0-1

[Event "*** SCC Grand Prix: Titled Tuesday Blitz"]
[Site "Chess.com"]
[Date "2020.10.06"]
[Round "3"]
[White "denispopov"]
[Black "TrickyFortem"]
[Result "0-1"]
[WhiteElo "1974"]
[BlackElo "2480"]
[TimeControl "180+1"]
[EndTime "10:27:16 PDT"]
[Termination "TrickyFortem won on time"]

1. e4 c5 2. Nc3 Nc6 3. Bb5 g6 4.
Bxc6 bxc6 5. d3 Bg7 6. Nge2 Nh6 7. O-O O-O 8. b3 f5 9. Bb2 d6 10. Na4 e5 11. f4 Ng4 12. Qd2 fxe4 13. dxe4 Ba6 14. c4 Bc8 15. h3 Nf6 16. fxe5 Nxe4 17.
Qe3 d5 18. Nxc5 Bf5 19. Nxe4 Bxe4 20. Ng3 Qh4 21. Nxe4 dxe4 22. Rxf8+ Rxf8 23. Rf1 Re8 24. Rf4 Qh5 25. Rxe4 a5 26. Qe2 Qf5 27. g4 Qg5 28.
e6 Bxb2 29. Qxb2 h5 30. Qe5 Qh4 31. Kg2 Rf8 32. Qg3 Qf6 33. Re1 h4 34. Qe3 Re8 35.
e7 Kf7 36. Rf1 Rxe7 37. Rxf6+ Kxf6 38. Qf4+ Kg7 39. Qd6 Re2+ 40. Kf3 Rxa2 41. Qxc6 Rb2 42. Qc7+ Kh6 43. Qf4+ Kh7 44. Qf7+ Kh6 45. g5+ Kxg5 46. Qe7+ Kh6 47. Qe3+ Kh7 48. Qc3 Rh2 49. Kg4 Rg2+ 50. Kxh4 Kh6 51. Qe3+ g5+ 52. Qxg5+ Rxg5 53. c5 Rxc5 54.
b4 axb4 0-1

[Event "*** SCC Grand Prix: Titled Tuesday Blitz"]
[Site "Chess.com"]
[Date "2020.10.06"]
[Round "3"]
[White "zubridis"]
[Black "AvitalBor"]
[Result "1-0"]
[WhiteElo "2474"]
[BlackElo "2727"]
[TimeControl "180+1"]
[EndTime "10:27:17 PDT"]
[Termination "zubridis won on time"]

1. e4 e5 2. Nf3 Nc6 3. Bb5 a6 4. Bxc6 dxc6 5. Nc3 f6 6. d4 exd4 7. Nxd4 c5 8. Nde2 Qxd1+ 9. Nxd1 Bd7 10. Bf4 O-O-O 11. Ne3 Ne7 12. h4 Re8 13. f3 f5 14.
exf5 Nxf5 15. Kf2 Nxe3 16. Bxe3 Bd6 17. Nc3 Bf5 18. Rac1 Re6 19. g4 Bg6 20. h5 Bf7 21. Ne4 Rhe8 22. Rhe1 Rxe4 23. fxe4 Rxe4 24. Rg1 Be7 25.
Rcd1 c6 26. b3 c4 27. Rd4 Bd5 28. Rxe4 Bxe4 29. bxc4 Bxc2 30. g5 Bd3 31. c5 g6 32.
h6 Bf5 33. Kf3 Kd7 34. Kf4 Ke6 35. Re1 Bd8 36. Bd4+ Kd5 37. Re8 Ba5 38. Be3 Bc2 39.
Re7 Bc3 40. Rxh7 Ke6 41. Rxb7 Bd1 42. Ke4 1-0

[Event "*** SCC Grand Prix: Titled Tuesday Blitz"]
[Site "Chess.com"]
[Date "2020.10.06"]
[Round "3"]
[White "hurricane7791"]
[Black "WPWPWP-2015"]
[Result "1-0"]
[WhiteElo "2706"]
[BlackElo "2445"]
[TimeControl "180+1"]
[EndTime "10:27:17 PDT"]
[Termination "hurricane7791 won on time"]

1. d4 Nf6 2. c4 e6 3. Nc3 c5 4.
d5 exd5 5. cxd5 d6 6. e4 g6 7. f4 Nbd7 8. Nf3 a6 9. e5 Ng4 10. h3 Nh6 11. Bd3 Bg7 12. O-O O-O 13. Re1 Re8 14.
e6 Nf8 15. f5 Nxf5 16. Bxf5 gxf5 17. Bg5 Qc7 18. exf7+ Qxf7 19. Rxe8 Qxe8 20. Qd2 Ng6 21. Re1 Qf7 22. Bf4 Nxf4 23. Qxf4 Qg6 24. Re7 Bf8 25. Rc7 b5 26. a4 Rb8 27. axb5 axb5 28. Ne2 b4 29.
Qh4 Ba6 30. Nf4 Qh6 31. Qg3+ Kh8 32. Ng5 Qf6 33. Nf7+ Qxf7 34. Rxf7 c4 35. Ne6 c3 36.
Nxf8 1-0

[Event "*** SCC Grand Prix: Titled Tuesday Blitz"]
[Site "Chess.com"]
[Date "2020.10.06"]
[Round "3"]
[White "renehp"]
[Black "parnali1611"]
[Result "0-1"]
[WhiteElo "2467"]
[BlackElo "2126"]
[TimeControl "180+1"]
[EndTime "10:27:17 PDT"]
[Termination "parnali1611 won by resignation"]

1. e4 e5 2. Nf3 Nc6 3. Bb5 a6 4. Ba4 Nf6 5. O-O b5 6. Bb3 Bc5 7. c3 d6 8. d4 Bb6 9. a4 Rb8 10. a5 Ba7 11. Be3 Ra8 12. Nbd2 h6 13. h3 O-O 14. Re1 exd4 15. cxd4 d5 16. e5 Ne4 17. Bc2 Bf5 18. Nf1 Nb4 19. Bb3 Re8 20. Rc1 Rc8 21. N1h2 c5 22. dxc5 Nxc5 23. Nd4 Be4 24. Qg4 h5 25. Qxh5 Nbd3 26. Ng4 Bg6 27. Qg5 Qxg5 28. Bxg5 Nxe1 29. Rxe1 Nd3 30. Nf3 Nxe1 31. Nxe1 Bf5 32. Bxd5 Bxg4 33. hxg4 Rcd8 34. Bf3 Rxe5 35. Bd2 Rxd2 0-1

[Event "*** SCC Grand Prix: Titled Tuesday Blitz"]
[Site "Chess.com"]
[Date "2020.10.06"]
[Round "3"]
[White "canary2016"]
[Black "kidagent"]
[Result "0-1"]
[WhiteElo "1910"]
[BlackElo "2289"]
[TimeControl "180+1"]
[EndTime "10:27:17 PDT"]
[Termination "kidagent won by checkmate"]

1. d4 d5 2. c4 c6 3. Nf3 Nf6 4. g3 g6 5. Bg2 Bg7 6. O-O O-O 7. Nbd2 Na6 8. b3 Re8 9. Bb2 Ne4 10. Qc2 Bf5 11.
Nh4 Nxg3 12. Nxf5 Nxf5 13. e3 Nc7 14. Rac1 dxc4 15. Nxc4 Nh4 16. Be4 Qd7 17. Kh1 Nd5 18. Rg1 Qh3 19. Bg2 Nxg2 20. Rxg2 Rad8 21. Rcg1 Rc8 22. Rg3 Qd7 23. Qe2 b5 24. Nd2 c5 25.
Nf3 cxd4 26. Bxd4 e5 27. Bb2 e4 28. Nd4 b4 29. Ba1 Nc3 30. Bxc3 Rxc3 31. Nb5 Rc5 32.
Nd4 Bxd4 33. exd4 Qxd4 34. Rh3 Rec8 35. Re3 f5 36. Rd1 Qg7 37. Qa6 Rc2 38. Qe6+ Qf7 39. Qa6 Re8 40. Kg2 f4 41. Ree1 e3 42. Kg1 exf2+ 43.
Kh1 fxe1=Q+ 44. Rxe1 Rxe1+ 45. Qf1 Rxf1# 0-1

[Event "*** SCC Grand Prix: Titled Tuesday Blitz"]
[Site "Chess.com"]
[Date "2020.10.06"]
[Round "3"]
[White "UCantHandleDenker"]
[Black "diablanni"]
[Result "0-1"]
[WhiteElo "2551"]
[BlackElo "2397"]
[TimeControl "180+1"]
[EndTime "10:27:18 PDT"]
[Termination "diablanni won on time"]

1. Nf3 c5 2. g3 g6 3. Bg2 Nc6 4. O-O Bg7 5. d3 d6 6. Nbd2 Nf6 7.
e4 Bg4 8. h3 Bxf3 9. Nxf3 O-O 10. Re1 Rb8 11. a4 a6 12. c3 b5 13. axb5 axb5 14. d4 Nd7 15. h4 b4 16. h5 bxc3 17. bxc3 Qc7 18. h6 Bh8 19. Be3 Rb2 20. Ng5 Qb6 21. Qa4 cxd4 22. cxd4 Bxd4 23. Rac1 Nde5 24.
Bxd4 Nxd4 25. Nh3 Ne2+ 26. Rxe2 Rxe2 27. Rf1 Rb2 28. Qd1 Rb8 29. Nf4 Rb1 30. Qe2 Rxf1+ 31. Bxf1 e6 32. Qd2 Qc6 33. Qe3 Ng4 34. Qe2 Nxh6 35.
Bg2 Qc5 36. e5 dxe5 37. Qxe5 Qxe5 0-1